Map: Ulrena

Players

ILLBdA

  • Race: Protoss Protoss
  • League: Diamond

BaDBoi - Winner!

  • Race: Protoss Protoss
  • League: Diamond

VOD

Have the link to the VOD?

Description

Time

  • Played on: Dec. 29, 2015, 1:51 a.m.
  • Length: 1:58
Show
View Real Time Build Order
Export as new Build Order

ILLBdA Protoss 

Build Orders:  

Get SALT Encoding   

  12  0:00  Probe (Chrono Boost)  
  13  0:11  Probe (Chrono Boost)  
  14  0:22  Probe (Chrono Boost)  
  15  0:35  Pylon x2  
  15  0:53  Probe (Chrono Boost), Gateway  
  16  0:58  Gateway  
  16  1:04  Assimilator  
  16  1:06  Probe (Chrono Boost)  
  17  1:17  Probe (Chrono Boost)  
  18  1:21  Assimilator  
  18  1:27  Probe (Chrono Boost)  
  19  1:38  Probe (Chrono Boost)  
  20  1:46  Pylon  
Show
View Real Time Build Order
Export as new Build Order

BaDBoi Protoss - Winner!

Build Orders: Cannon Rush 

Get SALT Encoding   

  12  0:00  Probe (Chrono Boost)  
  13  0:11  Probe (Chrono Boost)  
  14  0:21  Pylon  
  14  0:22  Probe (Chrono Boost)  
  15  0:40  Probe (Chrono Boost)  
  15  0:41  Gateway  
  16  0:50  Probe (Chrono Boost)  
  17  0:57  Forge  
  17  1:01  Probe (Chrono Boost)  
  18  1:06  Pylon  
  19  1:31  Photon Cannon x2  
  18  1:33  Zealot (Chrono Boost)  
  20  1:45  Photon Cannon  
Tags
 
Matchup
PvP
Replay Pack
me
Add a new tag
Caveats
  • Supply blocks, unpowered buildings, or Contaminate may cause inaccurate times.
  • Supply counts are checked every 10 seconds.